SAL
AUGUSTA GREENJACKETS @ CHARLESTON RIVERDOGS
05/06/2099
 
TOP OF THE 1ST
Augusta GreenJackets batting - Pitching for Charleston RiverDogs : RHP Luis Reyes
Pitching: RHP Luis Reyes
Batting: RHB Matt Bobrick 0-0: Ball
1-0: Ball
2-0: Foul Ball, location: 2F
2-1: Called Strike
2-2: Foul Ball, location: 2F
2-2: Ball
3-2: SINGLE (Line Drive, 7LS, EV 106.9 MPH)
Batting: SHB Jacob Carmer 0-0: Called Strike
0-1: Swinging Strike
0-2: Ball
1-2: Foul Ball, location: 2F
1-2: Fly out, F8 (Flyball, 8LD, EV 80.6 MPH)
Batting: SHB Matt Russ 0-0: Called Strike
0-1: Called Strike
0-2: Ball
1-2: Ball
2-2: SINGLE (Line Drive, 9S, EV 107.5 MPH)
Matt Bobrick to second
Batting: RHB Michael Meinert 0-0: Ball
1-0: Ball
2-0: Called Strike
2-1: Ball
3-1: Foul Ball, location: 23FF
3-2: Foul Ball, location: 3F
3-2: Foul Ball, location: 2F
3-2: Base on Balls
Matt Bobrick to third
Matt Russ to second
Batting: RHB Kevin Sides 0-0: Called Strike
0-1: Swinging Strike
0-2: Ball
1-2: Strikes out swinging
Batting: RHB Andres Garcia 0-0: Ball
1-0: Foul Ball, location: 5FF
1-1: Ball
2-1: Ground out U3 (Groundball, 13, EV 95.0 MPH)
Top of the 1st over - 0 runs, 2 hits, 0 errors, 3 left on base; Augusta 0 - Charleston 0
BOTTOM OF THE 1ST
Charleston RiverDogs batting - Pitching for Augusta GreenJackets : LHP Chad Haught
Pitching: LHP Chad Haught
Batting: RHB Manny Valadez 0-0: Ball
1-0: Called Strike
1-1: Ball
2-1: Ball
3-1: Bunted foul
3-2: DOUBLE (Line Drive, 89M, EV 90.0 MPH)
Batting: RHB Bryan Bettermann 0-0: Ball
1-0: Ball
2-0: Ball
3-0: Base on Balls
Batting: LHB Randy Faulkner 0-0: Foul Ball, location: 5FF
0-1: Foul Ball, location: 25FF
0-2: Strikes out swinging
Batting: LHB Jerry Gonzalez 0-0: DOUBLE (Line Drive, 9LD, EV 108.1 MPH)
Manny Valadez scores
Bryan Bettermann to third
Runner from 3rd tries for Home, SAFE, throw by RF to trailing runner, SAFE at third!
Batting: LHB Christian Blakeney 0-0: Ball
1-0: Called Strike
1-1: Foul Ball, location: 23F
1-2: Ball
2-2: Foul Ball, location: 5FF
2-2: Fly out, F9 (Flyball, 9, EV 99.4 MPH)
Runner from 3rd tags up, SCORES, throw by RF
Batting: RHB Jason McCarthy 0-0: Called Strike
0-1: Ball
1-1: Ball
2-1: Ball
3-1: Foul Ball, location: 5F
3-2: Base on Balls
Batting: RHB Jim Unknown 0-0: Ball
1-0: Foul Ball, location: 2LF
1-1: Called Strike
1-2: Fielders Choice at 2nd, 6-4 (Groundball, 6, EV 84.4 MPH)
Bottom of the 1st over - 3 runs, 2 hits, 0 errors, 1 left on base; Augusta 0 - Charleston 3
TOP OF THE 2ND
Augusta GreenJackets batting - Pitching for Charleston RiverDogs : RHP Luis Reyes
Pitching: RHP Tom Clark
Batting: RHB Scott Clara 0-0: Ball
1-0: Called Strike
1-1: Called Strike
1-2: Ground out U3 (Groundball, 34S, EV 67.5 MPH)
Batting: RHB Ted Voeltner 0-0: Ball
1-0: Called Strike
1-1: Ground out 1-6-3 (Groundball, 15S, EV 99.4 MPH)
Batting: RHB Justin Wagner 0-0: Ball
1-0: Called Strike
1-1: Foul Ball, location: 2F
1-2: Reached on error, E6 (Groundball, 6, EV 106.9 MPH)
Batting: RHB Matt Bobrick 0-0: Ball
1-0: Called Strike
1-1: Ball
2-1: Ball
3-1: Foul Ball, location: 2F
3-2: SINGLE (Groundball, 6MD, EV 94.4 MPH)
Justin Wagner to second
Justin Wagner to third
Batting: SHB Jacob Carmer 0-0: Foul Ball, location: 2F
0-1: Foul Ball, location: 7LMF
0-2: TRIPLE (Flyball, 89XD, EV 96.9 MPH)
Justin Wagner scores
Matt Bobrick scores
Batting: SHB Matt Russ 0-0: Ball
1-0: Ball
2-0: Called Strike
2-1: Called Strike
2-2: Strikes out looking
Top of the 2nd over - 2 runs, 2 hits, 1 error, 1 left on base; Augusta 2 - Charleston 3
BOTTOM OF THE 2ND
Charleston RiverDogs batting - Pitching for Augusta GreenJackets : LHP Chad Haught
Batting: RHB Jim Unknown 0-0: Foul Ball, location: 3SF
0-1: Swinging Strike
0-2: Strikes out swinging
Batting: LHB Jim Unknown 0-0: Swinging Strike
0-1: Foul Ball, location: 7LMF
0-2: Strikes out swinging, 2-3 out at first.
Batting: RHB Manny Valadez 0-0: Ball
1-0: Ball
2-0: Ball
3-0: Called Strike
3-1: Foul Ball, location: 5F
3-2: Strikes out swinging
Bottom of the 2nd over - 0 runs, 0 hits, 0 errors, 0 left on base; Augusta 2 - Charleston 3
TOP OF THE 3RD
Augusta GreenJackets batting - Pitching for Charleston RiverDogs : RHP Tom Clark
Batting: RHB Michael Meinert 0-0: Called Strike
0-1: Ball
1-1: Called Strike
1-2: Foul Ball, location: 7LMF
1-2: Fly out, F8 (Flyball, 8LD, EV 103.1 MPH)
Batting: RHB Kevin Sides 0-0: Ball
1-0: SINGLE (Groundball, 6MD, EV 93.8 MPH)
Batting: RHB Andres Garcia 0-0: Ball
1-0: Ball
2-0: Ball
3-0: Base on Balls
Kevin Sides to second
Batting: RHB Scott Clara 0-0: Grounds into double play, 3-6-3 (Groundball, 34, EV 82.5 MPH)
Top of the 3rd over - 0 runs, 1 hit, 0 errors, 1 left on base; Augusta 2 - Charleston 3
BOTTOM OF THE 3RD
Charleston RiverDogs batting - Pitching for Augusta GreenJackets : LHP Chad Haught
Batting: RHB Bryan Bettermann 0-0: Ball
1-0: Called Strike
1-1: Ball
2-1: Foul Ball, location: 9LMF
2-2: SINGLE (Line Drive, 56D, EV 102.5 MPH)
Batting: LHB Randy Faulkner 0-0: Called Strike
Bryan Bettermann steals 2nd base
0-1: Called Strike
0-2: Foul Ball, location: 25F
0-2: Ball
1-2: Ball
2-2: Foul Ball, location: 5DF
2-2: Ball
3-2: Base on Balls
Batting: LHB Jerry Gonzalez 0-0: Called Strike
0-1: Called Strike
0-2: Ball
1-2: Strikes out swinging
Batting: LHB Christian Blakeney 0-0: Ball
1-0: SINGLE (Flyball, 8LS, EV 90.0 MPH)
Bryan Bettermann to third
Randy Faulkner to second
Runner from 3rd tries for Home, SAFE, throw by CF to home
Batting: RHB Jason McCarthy 0-0: Called Strike
0-1: TRIPLE (Line Drive, 8LXD, EV 103.8 MPH)
Randy Faulkner scores
Christian Blakeney scores
Pitching: RHP Michael Varillas
Batting: RHB Jim Unknown 0-0: Foul Ball, location: 2F
0-1: Swinging Strike
0-2: Ball
1-2: Ball
2-2: Ball
3-2: Strikes out swinging
Batting: RHB Jim Unknown 0-0: Swinging Strike
0-1: Ball
1-1: Ball
2-1: Ground out 6-3 (Groundball, 6, EV 84.4 MPH)
Bottom of the 3rd over - 3 runs, 3 hits, 0 errors, 1 left on base; Augusta 2 - Charleston 6
TOP OF THE 4TH
Augusta GreenJackets batting - Pitching for Charleston RiverDogs : RHP Tom Clark
Batting: RHB Ted Voeltner 0-0: Foul Ball, location: 2F
0-1: Fly out, F8 (Flyball, 89D, EV 106.3 MPH)
Batting: RHB Justin Wagner 0-0: Swinging Strike
0-1: Foul Ball, location: 2F
0-2: Strikes out looking
Batting: RHB Matt Bobrick 0-0: Ball
1-0: Called Strike
1-1: Called Strike
1-2: Ball
2-2: Foul Ball, location: 2F
2-2: Strikes out swinging
Top of the 4th over - 0 runs, 0 hits, 0 errors, 0 left on base; Augusta 2 - Charleston 6
BOTTOM OF THE 4TH
Charleston RiverDogs batting - Pitching for Augusta GreenJackets : RHP Michael Varillas
Batting: LHB Jim Unknown 0-0: Called Strike
0-1: Called Strike
0-2: Fly out, F7 (Flyball, 7LM, EV 93.8 MPH)
Batting: RHB Manny Valadez 0-0: Ball
1-0: Ball
2-0: Foul Ball, location: 5F
2-1: Called Strike
2-2: Ball
3-2: Strikes out swinging
Batting: RHB Bryan Bettermann 0-0: Ball
1-0: Ball
2-0: Called Strike
2-1: Fly out, F8 (Flyball, 8RD, EV 108.8 MPH)
Bottom of the 4th over - 0 runs, 0 hits, 0 errors, 0 left on base; Augusta 2 - Charleston 6
TOP OF THE 5TH
Augusta GreenJackets batting - Pitching for Charleston RiverDogs : RHP Tom Clark
Batting: SHB Jacob Carmer 0-0: Called Strike
0-1: Fly out, F8 (Flyball, 8LXD, EV 110.0 MPH)
Batting: SHB Matt Russ 0-0: Ball
1-0: Called Strike
1-1: Foul Ball, location: 7LSF
1-2: Ball
2-2: Ground out 4-3 (Groundball, 4M, EV 79.4 MPH)
Batting: RHB Michael Meinert 0-0: Ball
1-0: DOUBLE (Line Drive, 9LS, EV 111.9 MPH)
Batting: RHB Kevin Sides 0-0: Called Strike
0-1: Ball
1-1: SINGLE (Groundball, 56D, EV 106.9 MPH)
Michael Meinert to third
Runner from 3rd tries for Home, SAFE, throw by LF to home
Kevin Sides to second
Batting: RHB Andres Garcia 0-0: Ground out 5-3 (Groundball, 56S, EV 85.6 MPH)
Top of the 5th over - 1 run, 2 hits, 0 errors, 1 left on base; Augusta 3 - Charleston 6
BOTTOM OF THE 5TH
Charleston RiverDogs batting - Pitching for Augusta GreenJackets : RHP Michael Varillas
Batting: LHB Randy Faulkner 0-0: Ball
1-0: Ball
2-0: Called Strike
2-1: Foul Ball, location: 2F
2-2: Strikes out swinging
Batting: LHB Jerry Gonzalez 0-0: Swinging Strike
0-1: Fly out, F8 (Flyball, 8RD, EV 101.3 MPH)
Batting: LHB Christian Blakeney 0-0: Swinging Strike
0-1: Swinging Strike
0-2: Strikes out looking
Bottom of the 5th over - 0 runs, 0 hits, 0 errors, 0 left on base; Augusta 3 - Charleston 6
TOP OF THE 6TH
Augusta GreenJackets batting - Pitching for Charleston RiverDogs : RHP Tom Clark
Batting: RHB Scott Clara 0-0: Hit by Pitch
Batting: RHB Ted Voeltner 0-0: Foul Ball, location: 25F
0-1: Called Strike
0-2: Ball
1-2: Ball
2-2: Ball
3-2: Foul Ball, location: 2F
3-2: Foul Ball, location: 2F
3-2: Strikes out looking
Batting: RHB Justin Wagner 0-0: Foul Ball, location: 9LDF
0-1: Called Strike
0-2: Foul Ball, location: 3SF
0-2: Ball
1-2: Reached on error, E6 (Groundball, 6, EV 110.0 MPH)
Scott Clara to second
Pinch Hitting: LHB Steve Inniss 0-0: Ball
1-0: SINGLE (Groundball, 6MD, EV 97.5 MPH)
Scott Clara to third
Justin Wagner to second
Pinch Hitting: RHB Orlando Chavez 0-0: Foul Ball, location: 25FF
0-1: Foul Ball, location: 2F
0-2: Ball
1-2: Foul Ball, location: 5FF
1-2: Ball
2-2: Ball
3-2: Grounds into fielders choice 6-2 (Groundball, 6, EV 104.4 MPH)
Justin Wagner to third
Steve Inniss to second
Batting: SHB Matt Russ 0-0: Ball
1-0: Ball
2-0: Ball
3-0: Called Strike
3-1: Foul Ball, location: 7LMF
3-2: Strikes out swinging
Top of the 6th over - 0 runs, 1 hit, 1 error, 3 left on base; Augusta 3 - Charleston 6
BOTTOM OF THE 6TH
Charleston RiverDogs batting - Pitching for Augusta GreenJackets : RHP Michael Varillas
Now at 3B: Tom Myers
Now in CF: Ted Voeltner
Now in RF: Steve Inniss
Batting: RHB Jason McCarthy 0-0: Called Strike
0-1: Ball
1-1: Ball
2-1: Foul Ball, location: 9LMF
2-2: Foul Ball, location: 5SF
2-2: Strikes out swinging
Batting: RHB Jim Unknown 0-0: Called Strike
0-1: Ball
1-1: Ball
2-1: Called Strike
2-2: Fly out, F4 (Line Drive, 4M, EV 65.6 MPH)
Batting: RHB Jim Unknown 0-0: Called Strike
0-1: Swinging Strike
0-2: Ball
1-2: Fly out, F9 (Flyball, 9, EV 85.0 MPH)
Bottom of the 6th over - 0 runs, 0 hits, 0 errors, 0 left on base; Augusta 3 - Charleston 6
TOP OF THE 7TH
Augusta GreenJackets batting - Pitching for Charleston RiverDogs : RHP Tom Clark
Pitching: RHP Ryan Serl
Batting: RHB Michael Meinert 0-0: Ground out 6-3 (Groundball, 6, EV 103.8 MPH)
Batting: RHB Kevin Sides 0-0: Ball
1-0: Ground out 6-3 (Groundball, 6, EV 110.0 MPH)
Batting: RHB Andres Garcia 0-0: Ground out 4-3 (Groundball, 4M, EV 90.6 MPH)
Top of the 7th over - 0 runs, 0 hits, 0 errors, 0 left on base; Augusta 3 - Charleston 6
BOTTOM OF THE 7TH
Charleston RiverDogs batting - Pitching for Augusta GreenJackets : RHP Michael Varillas
Batting: LHB Jim Unknown 0-0: Ball
1-0: Foul Ball, location: 9LMF
1-1: Swinging Strike
1-2: Strikes out swinging
Batting: RHB Manny Valadez 0-0: Called Strike
0-1: Fly out, F8 (Flyball, 8LD, EV 90.6 MPH)
Batting: RHB Bryan Bettermann 0-0: Foul Ball, location: 7LSF
0-1: Ball
1-1: Foul Ball, location: 3DF
1-2: Reached on error, E6 (Groundball, 6, EV 80.6 MPH)
Pitching: RHP Chip Herndon
Batting: LHB Randy Faulkner 0-0: Ball
1-0: Ball
Bryan Bettermann steals 2nd base
2-0: Foul Ball, location: 9LMFF
2-1: Fly out, F8 (Flyball, 78D, EV 100.0 MPH)
Bottom of the 7th over - 0 runs, 0 hits, 1 error, 1 left on base; Augusta 3 - Charleston 6
TOP OF THE 8TH
Augusta GreenJackets batting - Pitching for Charleston RiverDogs : RHP Ryan Serl
Batting: RHB Scott Clara 0-0: Foul Ball, location: 7LSF
0-1: Ball
1-1: Fly out, F7 (Flyball, 78M, EV 85.6 MPH)
Batting: RHB Ted Voeltner 0-0: Foul Ball, location: 9LSF
0-1: Ball
1-1: Called Strike
1-2: SINGLE (Groundball, 6MD, EV 99.4 MPH)
Batting: RHB Justin Wagner 0-0: Ball
1-0: Fly out, F8 (Flyball, 89M, EV 91.3 MPH)
Batting: LHB Steve Inniss 0-0: Ball
1-0: Ball
2-0: Fly out, F9 (Flyball, 9LMF, EV 86.3 MPH)
Top of the 8th over - 0 runs, 1 hit, 0 errors, 1 left on base; Augusta 3 - Charleston 6
BOTTOM OF THE 8TH
Charleston RiverDogs batting - Pitching for Augusta GreenJackets : RHP Chip Herndon
Batting: LHB Jerry Gonzalez 0-0: Ball
1-0: Fly out, F2 (Popup, 3SF, EV 73.8 MPH)
Batting: LHB Christian Blakeney 0-0: Ball
1-0: Foul Ball, location: 3FF
1-1: Ball
2-1: Ground out 5-3 (Groundball, 56, EV 80.0 MPH)
Batting: RHB Jason McCarthy 0-0: Called Strike
0-1: Ground out 4-3 (Groundball, 4M, EV 86.9 MPH)
Bottom of the 8th over - 0 runs, 0 hits, 0 errors, 0 left on base; Augusta 3 - Charleston 6
TOP OF THE 9TH
Augusta GreenJackets batting - Pitching for Charleston RiverDogs : RHP Ryan Serl
Now at 1B: Jake Monyak
Batting: RHB Tom Myers 0-0: SINGLE (Groundball, P, EV 101.3 MPH) (infield hit)
Batting: SHB Matt Russ 0-0: Fly out, F6 (Popup, 6M, EV 56.9 MPH)
Pinch Hitting: LHB Russ Sverdlov 0-0: Foul Ball, location: 7LMF
0-1: Ball
1-1: Ball
2-1: Swinging Strike
2-2: Strikes out looking
Batting: RHB Kevin Sides 0-0: Called Strike
0-1: Foul Ball, location: 2F
0-2: Hit by Pitch
Tom Myers to second
Batting: RHB Andres Garcia 0-0: Called Strike
0-1: Called Strike
0-2: Foul Ball, location: 9LDF
0-2: Fly out, F8 (Flyball, 89M, EV 76.9 MPH)
Top of the 9th over - 0 runs, 1 hit, 0 errors, 2 left on base; Augusta 3 - Charleston 6
Sunday, May 5th , 2024 - OOTP Baseball 24.11 Build 85